PBL
TEXAS RANGERS @ OAKLAND ATHLETICS
05/04/2071
 
TOP OF THE 1ST
Texas Rangers batting - Pitching for Oakland Athletics : RHP Pablo Soto
Pitching: RHP Pablo Soto
Batting: LHB Ken'ichi Matsuura 0-0: Foul Ball, location: 9LMF
0-1: Called Strike
0-2: Ball
1-2: Ground out 5-3 (Groundball, 5, EV 97.5 MPH)
Batting: SHB Cary Mench 0-0: Ball
1-0: Foul Ball, location: 7LMF
1-1: Fly out, F9 (Flyball, 9, EV 96.9 MPH)
Batting: LHB Noburo Oike 0-0: Foul Ball, location: 7LDF
0-1: Ball
1-1: Ball
2-1: Foul Ball, location: 2F
2-2: Fly out, F7 (Flyball, 7D, EV 88.1 MPH)
Top of the 1st over - 0 runs, 0 hits, 0 errors, 0 left on base; Texas 0 - Oakland 0
BOTTOM OF THE 1ST
Oakland Athletics batting - Pitching for Texas Rangers : RHP Bob Childers
Pitching: RHP Bob Childers
Batting: RHB Jorge Ibarra 0-0: Foul Ball, location: 2F
0-1: Ground out 6-3 (Groundball, 6, EV 110.0 MPH)
Batting: RHB Ed Burch 0-0: Foul Ball, location: 23F
0-1: Ground out 6-3 (Groundball, 6, EV 108.1 MPH)
Batting: LHB Pablo Gonzáles 0-0: Ball
1-0: Swinging Strike
1-1: Ground out U3 (Groundball, 34S, EV 61.3 MPH)
Bottom of the 1st over - 0 runs, 0 hits, 0 errors, 0 left on base; Texas 0 - Oakland 0
TOP OF THE 2ND
Texas Rangers batting - Pitching for Oakland Athletics : RHP Pablo Soto
Batting: LHB Michael Gutiérrez 0-0: Ball
1-0: Ball
2-0: Called Strike
2-1: Ball
3-1: SINGLE (Line Drive, 5D, EV 99.4 MPH)
Batting: LHB Ben Williamson 0-0: Ball
1-0: Called Strike
1-1: Foul Ball, location: 7LDF
1-2: Strikes out swinging
Batting: LHB Dave Baker 0-0: Called Strike
0-1: 2-RUN HOME RUN (Flyball, 7D, EV 94.4 MPH), Distance : 372 ft
Batting: RHB Richard Kinney 0-0: Swinging Strike
0-1: Ball
1-1: Ball
2-1: Called Strike
2-2: Strikes out swinging
Batting: LHB Claudio Valenzuela 0-0: Foul Ball, location: 2F
0-1: Ball
1-1: Ball
2-1: Fly out, F8 (Flyball, 8RD, EV 98.8 MPH)
Top of the 2nd over - 2 runs, 2 hits, 0 errors, 0 left on base; Texas 2 - Oakland 0
BOTTOM OF THE 2ND
Oakland Athletics batting - Pitching for Texas Rangers : RHP Bob Childers
Batting: LHB Félix Castillo 0-0: Ball
1-0: Swinging Strike
1-1: Ball
2-1: Ball
3-1: Base on Balls
Batting: LHB Roger McElroy 0-0: Fly out, F8 (Flyball, 8LXD, EV 105.6 MPH)
Batting: LHB José Pelingo 0-0: Ball
1-0: Called Strike
1-1: Swinging Strike
1-2: Ball
2-2: Grounds into double play, 6-4-3 (Groundball, 6, EV 78.8 MPH)
Bottom of the 2nd over - 0 runs, 0 hits, 0 errors, 0 left on base; Texas 2 - Oakland 0
TOP OF THE 3RD
Texas Rangers batting - Pitching for Oakland Athletics : RHP Pablo Soto
Batting: RHB Gerald Weaver 0-0: Ball
1-0: SINGLE (Line Drive, 3D, EV 101.3 MPH)
Batting: LHB Ken'ichi Matsuura 0-0: Ball
1-0: Reached on error, E6 (Groundball, 6, EV 101.3 MPH)
Gerald Weaver to second
Batting: SHB Cary Mench 0-0: Fly out, F8 (Flyball, 8LM, EV 86.3 MPH)
Batting: LHB Noburo Oike 0-0: Ball
1-0: Ball
2-0: Fly out, F9 (Flyball, 9, EV 89.4 MPH)
Batting: LHB Michael Gutiérrez 0-0: Called Strike
0-1: Ball
1-1: Foul Ball, location: 5DF
1-2: Foul Ball, location: 25F
1-2: Ball
2-2: SINGLE (Line Drive, 7LM, EV 102.5 MPH)
Gerald Weaver to third
Ken'ichi Matsuura to second
Runner from 3rd tries for Home, SAFE, throw by LF to home
Batting: LHB Ben Williamson 0-0: Ball
Wild Pitch!
Ken'ichi Matsuura to third
Michael Gutiérrez to second
1-0: Ball
2-0: Fly out, F9 (Flyball, 9LM, EV 98.1 MPH)
Top of the 3rd over - 1 run, 2 hits, 1 error, 2 left on base; Texas 3 - Oakland 0
BOTTOM OF THE 3RD
Oakland Athletics batting - Pitching for Texas Rangers : RHP Bob Childers
Batting: LHB Eric Dodd 0-0: Called Strike
0-1: Ball
1-1: Called Strike
1-2: Strikes out swinging
Batting: RHB Roberto Morán 0-0: Ball
1-0: Ball
2-0: Ball
3-0: Base on Balls
Batting: RHB Tom Yarbrough 0-0: Ball
Pickoff Throw by Catcher to First - Error! E2
Roberto Morán to second
1-0: Ball
2-0: Foul Ball, location: 23FF
2-1: Swinging Strike
2-2: Ball
3-2: Foul Ball, location: 2F
3-2: Fly out, F7 (Flyball, 7LM, EV 82.5 MPH)
Batting: RHB Jorge Ibarra 0-0: Called Strike
0-1: Ball
1-1: Called Strike
1-2: Ball
2-2: Ball
3-2: Fly out, F7 (Flyball, 7, EV 83.1 MPH)
Bottom of the 3rd over - 0 runs, 0 hits, 1 error, 1 left on base; Texas 3 - Oakland 0
TOP OF THE 4TH
Texas Rangers batting - Pitching for Oakland Athletics : RHP Pablo Soto
Batting: LHB Dave Baker 0-0: Called Strike
0-1: Ball
1-1: Foul Ball, location: 7LMF
1-2: Strikes out looking
Batting: RHB Richard Kinney 0-0: Ball
1-0: Ball
2-0: Ball
3-0: Called Strike
3-1: Base on Balls
Batting: LHB Claudio Valenzuela 0-0: Swinging Strike
0-1: Swinging Strike
0-2: Ball
1-2: Ball
2-2: Foul Ball, location: 5F
2-2: Ball
3-2: Strikes out swinging
Batting: RHB Gerald Weaver 0-0: Ball
1-0: Called Strike
1-1: Ball
2-1: Foul Ball, location: 3DF
2-2: Fielders Choice at 2nd, 6-4 (Groundball, 6, EV 88.1 MPH)
Top of the 4th over - 0 runs, 0 hits, 0 errors, 1 left on base; Texas 3 - Oakland 0
BOTTOM OF THE 4TH
Oakland Athletics batting - Pitching for Texas Rangers : RHP Bob Childers
Batting: RHB Ed Burch 0-0: SINGLE (Groundball, 6M, EV 103.8 MPH) (infield hit)
Batting: LHB Pablo Gonzáles 0-0: Ball
1-0: Called Strike
1-1: SINGLE (Flyball, 34D, EV 94.4 MPH)
Ed Burch to second
Batting: LHB Félix Castillo 0-0: Called Strike
0-1: Fly out, F8 (Line Drive, 8LM, EV 92.5 MPH)
Batting: LHB Roger McElroy 0-0: Swinging Strike
0-1: Foul Ball, location: 5SF
0-2: Foul Ball, location: 5FF
0-2: Ball
1-2: Fly out, F8 (Flyball, 8LS, EV 90.0 MPH)
Batting: LHB José Pelingo 0-0: Swinging Strike
0-1: Fly out, F8 (Flyball, 89M, EV 75.0 MPH)
Bottom of the 4th over - 0 runs, 2 hits, 0 errors, 2 left on base; Texas 3 - Oakland 0
TOP OF THE 5TH
Texas Rangers batting - Pitching for Oakland Athletics : RHP Pablo Soto
Batting: LHB Ken'ichi Matsuura 0-0: Ball
1-0: Fly out, F7 (Flyball, 78M, EV 100.6 MPH)
Batting: SHB Cary Mench 0-0: Ball
1-0: Ball
2-0: Ball
3-0: Base on Balls
Batting: LHB Noburo Oike 0-0: Ball
1-0: Ball
2-0: Called Strike
2-1: Swinging Strike
2-2: DOUBLE (Line Drive, 9LS, EV 78.8 MPH)
Cary Mench to third
Runner from 3rd tries for Home, SAFE, throw by RF to home
Batting: LHB Michael Gutiérrez 0-0: Intentional Walk
Batting: LHB Ben Williamson 0-0: Foul Ball, location: 3FF
0-1: Ball
1-1: Foul Ball, location: 2F
1-2: Foul Ball, location: 7LSF
1-2: Foul Ball, location: 7LMF
1-2: Ball
Wild Pitch!
Noburo Oike to third
Michael Gutiérrez to second
2-2: Foul Ball, location: 9LMF
2-2: Strikes out looking
Batting: LHB Dave Baker 0-0: Intentional Walk
Batting: RHB Richard Kinney 0-0: Called Strike
0-1: Fly out, F4 (Popup, 3S, EV 77.5 MPH)
Top of the 5th over - 1 run, 1 hit, 0 errors, 3 left on base; Texas 4 - Oakland 0
BOTTOM OF THE 5TH
Oakland Athletics batting - Pitching for Texas Rangers : RHP Bob Childers
Batting: LHB Eric Dodd 0-0: Called Strike
0-1: Ball
1-1: Fly out, F9 (Flyball, 89D, EV 84.4 MPH)
Batting: RHB Roberto Morán 0-0: Ball
1-0: Foul Ball, location: 2F
1-1: Called Strike
1-2: Foul Ball, location: 9LSF
1-2: Strikes out looking
Batting: RHB Tom Yarbrough 0-0: Called Strike
0-1: Foul Ball, location: 2F
0-2: Ground out 4-3 (Groundball, 4, EV 90.0 MPH)
Bottom of the 5th over - 0 runs, 0 hits, 0 errors, 0 left on base; Texas 4 - Oakland 0
TOP OF THE 6TH
Texas Rangers batting - Pitching for Oakland Athletics : RHP Pablo Soto
Batting: LHB Claudio Valenzuela 0-0: Ball
1-0: Called Strike
1-1: Fly out, F8 (Flyball, 8LS, EV 96.3 MPH)
Batting: RHB Gerald Weaver 0-0: Ball
1-0: Fly out, F9 (Flyball, 9, EV 96.3 MPH)
Batting: LHB Ken'ichi Matsuura 0-0: Ball
1-0: Ball
2-0: Ball
3-0: Base on Balls
Batting: SHB Cary Mench 0-0: Ball
1-0: Called Strike
1-1: Called Strike
Ken'ichi Matsuura steals 2nd base
1-2: Foul Ball, location: 3SF
1-2: Ball
2-2: Foul Ball, location: 23F
2-2: Foul Ball, location: 9LMF
2-2: Strikes out swinging
Top of the 6th over - 0 runs, 0 hits, 0 errors, 1 left on base; Texas 4 - Oakland 0
BOTTOM OF THE 6TH
Oakland Athletics batting - Pitching for Texas Rangers : RHP Bob Childers
Batting: RHB Jorge Ibarra 0-0: Ball
1-0: Ball
2-0: Swinging Strike
2-1: Foul Ball, location: 7LDF
2-2: Ball
3-2: Foul Ball, location: 2F
3-2: Base on Balls
Batting: RHB Ed Burch 0-0: Called Strike
0-1: Grounds into double play, 6-4-3 (Groundball, 6, EV 102.5 MPH)
Batting: LHB Pablo Gonzáles 0-0: Ground out 4-3 (Groundball, 4D, EV 102.5 MPH)
Bottom of the 6th over - 0 runs, 0 hits, 0 errors, 0 left on base; Texas 4 - Oakland 0
TOP OF THE 7TH
Texas Rangers batting - Pitching for Oakland Athletics : RHP Pablo Soto
Pitching: RHP Ignacio Salazar
Batting: LHB Noburo Oike 0-0: Ball
1-0: Foul Ball, location: 23FF
1-1: Fly out, F7 (Flyball, 7LD, EV 95.0 MPH)
Batting: LHB Michael Gutiérrez 0-0: Ball
1-0: Foul Ball, location: 9LDF
1-1: Called Strike
1-2: Fly out, F7 (Flyball, 7S, EV 95.0 MPH)
Batting: LHB Ben Williamson 0-0: Foul Ball, location: 7LSF
0-1: Ball
1-1: Ball
2-1: Called Strike
2-2: Fly out, F7 (Flyball, 7, EV 95.6 MPH)
Top of the 7th over - 0 runs, 0 hits, 0 errors, 0 left on base; Texas 4 - Oakland 0
BOTTOM OF THE 7TH
Oakland Athletics batting - Pitching for Texas Rangers : RHP Bob Childers
Batting: LHB Félix Castillo 0-0: Called Strike
0-1: Foul Ball, location: 2F
0-2: Ground out 4-3 (Groundball, 4, EV 107.5 MPH)
Batting: LHB Roger McElroy 0-0: Ball
1-0: Ball
2-0: Called Strike
2-1: Ball
3-1: Foul Ball, location: 2F
3-2: Foul Ball, location: 2F
3-2: Base on Balls
Pitching: LHP Dian Suharto
Batting: LHB José Pelingo 0-0: Called Strike
0-1: Ball
1-1: Ball
2-1: Fly out, F8 (Flyball, 8RM, EV 94.4 MPH)
Batting: RHB Clarence Jones 0-0: Called Strike
0-1: Foul Ball, location: 2F
0-2: Foul Ball, location: 7LSF
0-2: Strikes out looking
Bottom of the 7th over - 0 runs, 0 hits, 0 errors, 1 left on base; Texas 4 - Oakland 0
TOP OF THE 8TH
Texas Rangers batting - Pitching for Oakland Athletics : RHP Ignacio Salazar
Batting: LHB Dave Baker 0-0: Called Strike
0-1: Foul Ball, location: 3FF
0-2: Ball
1-2: SOLO HOME RUN (Flyball, 8RXD, EV 98.1 MPH), Distance : 408 ft
Batting: RHB Richard Kinney 0-0: Ball
1-0: Called Strike
1-1: Ball
2-1: Ball
3-1: Base on Balls
Batting: LHB Claudio Valenzuela 0-0: Swinging Strike
0-1: Fly out, F7 (Line Drive, 78M, EV 86.3 MPH)
Batting: RHB Gerald Weaver 0-0: Called Strike
0-1: Called Strike
0-2: Foul Ball, location: 2F
0-2: Ball
1-2: Ball
2-2: Strikes out swinging
Batting: LHB Ken'ichi Matsuura 0-0: Ball
1-0: Ball
2-0: Ball
3-0: Swinging Strike
3-1: Base on Balls
Richard Kinney to second
Batting: SHB Cary Mench 0-0: Called Strike
0-1: Ball
1-1: Called Strike
1-2: Strikes out swinging
Top of the 8th over - 1 run, 1 hit, 0 errors, 2 left on base; Texas 5 - Oakland 0
BOTTOM OF THE 8TH
Oakland Athletics batting - Pitching for Texas Rangers : LHP Dian Suharto
Batting: RHB Roberto Morán 0-0: Ball
1-0: Ball
2-0: Called Strike
2-1: SINGLE (Groundball, 4S, EV 71.3 MPH) (infield hit)
Batting: RHB Tom Yarbrough 0-0: Foul Ball, location: 2F
0-1: Grounds into double play, 6-4-3 (Groundball, 6S, EV 84.4 MPH)
Batting: RHB Jorge Ibarra 0-0: DOUBLE (Line Drive, 7LD, EV 109.4 MPH)
Batting: RHB Ed Burch 0-0: Called Strike
0-1: Ball
1-1: Swinging Strike
1-2: Foul Ball, location: 2F
1-2: Ball
2-2: Ball
3-2: Ground out 5-3 (Groundball, 56S, EV 89.4 MPH)
Bottom of the 8th over - 0 runs, 2 hits, 0 errors, 1 left on base; Texas 5 - Oakland 0
TOP OF THE 9TH
Texas Rangers batting - Pitching for Oakland Athletics : RHP Ignacio Salazar
Pitching: RHP Nick Johnson
Batting: LHB Noburo Oike 0-0: Swinging Strike
0-1: Ball
1-1: Ball
2-1: Foul Ball, location: 2F
2-2: Ball
3-2: Foul Ball, location: 23F
3-2: Ground out 4-3 (Groundball, 4, EV 83.8 MPH)
Batting: LHB Michael Gutiérrez 0-0: Called Strike
0-1: Ball
1-1: Foul Ball, location: 9LSFF
1-2: Fly out, F9 (Flyball, 9D, EV 110.6 MPH)
Batting: LHB Ben Williamson 0-0: Foul Ball, location: 2F
0-1: SOLO HOME RUN (Flyball, 8LXD, EV 105.6 MPH), Distance : 405 ft
Batting: LHB Dave Baker 0-0: Called Strike
0-1: Ball
1-1: Foul Ball, location: 9LMF
1-2: Foul Ball, location: 9LSF
1-2: Foul Ball, location: 23FF
1-2: Ball
2-2: SINGLE (Line Drive, 78S, EV 98.8 MPH)
Batting: RHB Richard Kinney 0-0: Ball
1-0: Called Strike
1-1: DOUBLE (Line Drive, 78XD, EV 106.3 MPH)
Dave Baker to third
Runner from 3rd tries for Home, SAFE, throw by CF to home
Pinch Hitting: SHB Walton Ward 0-0: Ground out 6-3 (Groundball, 6M, EV 96.9 MPH)
Top of the 9th over - 2 runs, 3 hits, 0 errors, 1 left on base; Texas 7 - Oakland 0
BOTTOM OF THE 9TH
Oakland Athletics batting - Pitching for Texas Rangers : LHP Dian Suharto
Now at SS: Walton Ward
Batting: LHB Pablo Gonzáles 0-0: Ball
1-0: Ground out 4-3 (Groundball, 4, EV 101.3 MPH)
Batting: LHB Félix Castillo 0-0: Foul Ball, location: 23F
0-1: Foul Ball, location: 5F
0-2: Foul Ball, location: 2F
0-2: Strikes out swinging
Batting: LHB Roger McElroy 0-0: Ball
1-0: Ball
2-0: Called Strike
2-1: Ball
3-1: SINGLE (Groundball, 4MD, EV 101.3 MPH)
Batting: LHB José Pelingo 0-0: Called Strike
0-1: Foul Ball, location: 5F
0-2: Ball
1-2: Foul Ball, location: 2F
1-2: Strikes out looking
Bottom of the 9th over - 0 runs, 1 hit, 0 errors, 1 left on base; Texas 7 - Oakland 0
Saturday, April 13th , 2024 - OOTP Baseball 24.10 Build 82